 Dungeon Crawl Stone Soup version 0.28.0-53-g5a82cb258f (webtiles) character file.

Game seed: 1669394576467764946

1022 firemarshallily the Prestidigitator (level 8, -3/52 HPs)
             Began as a Gnoll Wanderer on Aug 4, 2022.
             Was a Follower of Hepliaklqana.
             Slain by Grinder (4 damage)
             ... while paralysed by Grinder
             ... on level 5 of the Dungeon.
             The game lasted 00:21:43 (6184 turns).

firemarshallily the Prestidigitator (GnWn)          Turns: 6184, Time: 00:21:43

Health: -3/52      AC:  6    Str: 14    XL:     8   Next: 22%
Magic:  6/12       EV:  2    Int: 18    God:    Hepliaklqana [*.....]
Gold:   174        SH:  0    Dex: 14    Spells: 2/13 levels left

rFire   . . .      SeeInvis .   o - +10 morningstar "Eos" {elec, Halo rElec}
rCold   . . .      Faith    .   (no shield)
rNeg    . . .      Spirit   .   e - +0 leather armour
rPois   .          Reflect  .   D - +1 helmet {Int+3}
rElec   +          Harm     .   d - +0 cloak
rCorr   .          Rampage  .   (no gloves)
Will    .....                   (no boots)
Stlth   +.........              (no amulet)
HPRegen 0.17/turn               I - ring of wizardry
MPRegen 0.13/turn               v - +6 ring of intelligence

@: paralysed, glowing
A: reduced essence, fangs 1, strong nose, distributed training
a: Renounce Religion, Recall Ancestor, Ancestor Identity


You were on level 5 of the Dungeon.
You worshipped Hepliaklqana.
Hepliaklqana was aware of your devotion.
You visited 2 branches of the dungeon, and saw 6 of its levels.

You collected 174 gold pieces.

Inventory:

Hand Weapons
 a - a +0 shortbow
 m - a +0 spear
 o - the +10 morningstar "Eos" (weapon) {elec, Halo rElec}
   (You found it on level 2 of the Dungeon)

   It occasionally discharges a powerful burst of electricity upon striking a
   foe.
   It grants its wielder a halo, increasing accuracy against those within it.
   rElec:     It insulates you from electricity.
Missiles
 c - 74 arrows
 g - 142 stones
 t - 3 poisoned darts
Armour
 d - a +0 cloak (worn)
 e - a +0 leather armour (worn)
 l - a +0 ring mail
 D - a +1 helmet of intelligence (worn)
Jewellery
 v - a +6 ring of intelligence (right hand)
 y - a ring of fire
 G - a ring of magical power
 I - a ring of wizardry (left hand)
Wands
 b - a wand of flame (7) (quivered)
 H - a wand of mindburst (10)
Scrolls
 f - a scroll of vulnerability {unknown}
 j - 3 scrolls of fear {unknown}
 n - 5 scrolls of identify {unknown}
 p - a scroll of brand weapon {unknown}
 s - a scroll of enchant armour {unknown}
 u - a scroll of noise {unknown}
 w - 2 scrolls of holy word {unknown}
 x - 3 scrolls of enchant weapon {unknown}
 B - a scroll of fog {unknown}
 E - a scroll of magic mapping {unknown}
Potions
 h - a potion of heal wounds {unknown}
 i - 4 potions of curing
 k - a potion of resistance {unknown}
 q - 2 potions of haste {unknown}
 r - a potion of ambrosia {unknown}
 z - a potion of degeneration {unknown}
 A - a potion of might {unknown}
 C - a potion of attraction {unknown}
 F - a potion of flight {unknown}


   Skills:
 + Level 3.1 Fighting
 + Level 3.1 Short Blades
 + Level 3.1 Long Blades
 + Level 3.1 Axes
 + Level 3.1 Maces & Flails
 + Level 3.1 Polearms
 + Level 3.1 Staves
 + Level 3.1 Slings
 + Level 5.5 Bows
 + Level 3.1 Crossbows
 + Level 3.1 Throwing
 + Level 4.0 Armour
 + Level 3.1 Dodging
 + Level 5.2 Stealth
 + Level 3.1 Shields
 + Level 3.1 Unarmed Combat
 + Level 3.1 Spellcasting
 + Level 2.5 Conjurations
 + Level 2.5 Hexes
 + Level 2.5 Summonings
 + Level 2.5 Necromancy
 + Level 2.5 Translocations
 + Level 2.5 Transmutations
 + Level 2.5 Fire Magic
 + Level 2.5 Ice Magic
 + Level 2.5 Air Magic
 + Level 2.5 Earth Magic
 + Level 2.5 Poison Magic
 + Level 3.4 Invocations
 + Level 10.9 Evocations


You had 2 spell levels left.
You knew the following spells:

 Your Spells              Type           Power      Damage    Failure   Level
a - Frozen Ramparts       Ice            22%        1d4       9%          3
b - Hailstorm             Conj/Ice       11%        3d5       26%         4
c - Olgreb's Toxic Radia  Pois           11%        N/A       26%         4

Your spell library contained the following spells:

 Spells                   Type           Power      Damage    Failure   Level
 Freeze                   Ice            44%        1d6       2%          1
 Ozocubu's Refrigeration  Ice            5%         4d6       100%        7
 Ignition                 Fire           5%         3d4       100%        8


Dungeon Overview and Level Annotations

Branches:
Dungeon (5/15)             Temple (1/1) D:4

Altars:
Ashenzari
Cheibriados
Dithmenos
Elyvilon
Fedhas
Gozag
Hepliaklqana
Kikubaaqudgha
Makhleb
Nemelex Xobeh
Okawaru
Qazlal
Ru
Sif Muna
Trog
Vehumet
Wu Jian
Xom
Yredelemnul
Zin
The Shining One

Annotations:
D:5 Grinder


Innate Abilities, Weirdness & Mutations

Your life essence is reduced to manifest your ancestor. (-10% HP)
You have very sharp teeth.
Your uncanny sense of smell can sniff out nearby items.
Your experience applies equally to all skills.


Message History

Press: ? - help, Shift-Dir - straight line, f/p - Grinder
Aim: Grinder (heavily wounded, poisoned, haloed, 75% to hit)
You throw a stone.
The stone hits Grinder but does no damage.
Grinder is heavily wounded.
Grinder completely resists.
The wall freezes Grinder but does no damage.
You hit Grinder.
Grinder is heavily wounded.
Grinder completely resists.
The wall freezes Grinder but does no damage.
Grinder says, "DUCK!"
Grinder gestures at you. You resist with some effort.
You closely miss Grinder.
Grinder is heavily wounded.
Grinder completely resists.
The wall freezes Grinder but does no damage.
Grinder closely misses you.
Unknown command.
You sock Grinder!
Grinder is almost dead.
The frozen ramparts melt away.
Grinder gestures at you.
You suddenly lose the ability to move!
Grinder hits you.
You writhe in agony.
Grinder gestures at you. You resist with some effort. Grinder gestures at you.
Pain shoots through your body!
* * * LOW HITPOINT WARNING * * *
Grinder gestures at you.
You shrug off the repeated paralysis!
Grinder looks more healthy.
Grinder hits you!
* * * LOW HITPOINT WARNING * * *
You writhe in agony.
* * * LOW HITPOINT WARNING * * *
Grinder hits you.
* * * LOW HITPOINT WARNING * * *
You writhe in agony.
You die...

#.#..)............#....
#.##########..#####....
#.##########.######....
#................# ....
################.# ####
#..^.........#.#
#.##.#<....#.#.#
#.####.......#.#
#...@#.##......#
####5#.....#####
#(####.## ..( ....
#.##.... ..##... .###..
.


You could see Grinder.

Vanquished Creatures
  A black bear (D:4)
  A necrophage (D:5)
  A scorpion (D:3)
  A howler monkey (D:5)
  A bullfrog zombie (D:5)
  2 bullfrog skeletons (D:5)
  A jelly (D:5)
  3 orc priests
  2 hounds
  A gnoll shaman (D:5)
  3 iguanas
  3 orc wizards
  A scorpion zombie (D:4)
  8 gnolls
  5 adders
  2 worms (D:3)
  3 dart slugs
  8 orcs
  8 endoplasms
  2 giant cockroaches
  8 hobgoblins
  6 jackals
  A quokka (D:2)
  10 ball pythons
  7 bats
  5 frilled lizards
  8 goblins
  10 kobolds
  7 rats
119 creatures vanquished.

Vanquished Creatures (collateral kills)
  A bullfrog zombie (D:5)
  An orc (D:5)
2 creatures vanquished.

Vanquished Creatures (others)
  3 ancestors (D:5)
3 creatures vanquished.

Grand Total: 124 creatures vanquished

Notes
Turn   | Place    | Note
-------+----------+-------------------------------------------
     0 | D:1      | Reached skill level 10 in Evocations
     0 | D:1      | firemarshallily the Gnoll Wanderer began the quest for the
                  | Orb.
     0 | D:1      | firemarshallily set off with the following items: a +0
                  | shortbow, a wand of flame (17), 23 arrows, a +0 cloak, a +0
                  | leather armour
     0 | D:1      | Reached XP level 1. HP: 13/13 MP: 1/1
   108 | D:1      | Reached XP level 2. HP: 20/20 MP: 2/2
   729 | D:1      | Reached XP level 3. HP: 25/25 MP: 3/3
  1259 | D:2      | Reached skill level 1 in Invocations
  1387 | D:2      | Found the +10 morningstar "Eos" {elec, Halo rElec}
  1537 | D:2      | Reached skill level 1 in Fighting
  1537 | D:2      | Reached skill level 1 in Short Blades
  1537 | D:2      | Reached skill level 1 in Long Blades
  1537 | D:2      | Reached skill level 1 in Axes
  1537 | D:2      | Reached skill level 1 in Maces & Flails
  1537 | D:2      | Reached skill level 1 in Polearms
  1537 | D:2      | Reached skill level 1 in Staves
  1537 | D:2      | Reached skill level 1 in Slings
  1537 | D:2      | Reached skill level 1 in Crossbows
  1537 | D:2      | Reached skill level 1 in Throwing
  1537 | D:2      | Reached skill level 1 in Dodging
  1537 | D:2      | Reached skill level 1 in Shields
  1537 | D:2      | Reached skill level 1 in Unarmed Combat
  1537 | D:2      | Reached skill level 1 in Spellcasting
  1539 | D:2      | Reached XP level 4. HP: 24/32 MP: 5/5
  1572 | D:2      | Reached skill level 1 in Conjurations
  1572 | D:2      | Reached skill level 1 in Hexes
  1572 | D:2      | Reached skill level 1 in Summonings
  1572 | D:2      | Reached skill level 1 in Necromancy
  1572 | D:2      | Reached skill level 1 in Translocations
  1572 | D:2      | Reached skill level 1 in Transmutations
  1572 | D:2      | Reached skill level 1 in Fire Magic
  1572 | D:2      | Reached skill level 1 in Ice Magic
  1572 | D:2      | Reached skill level 1 in Air Magic
  1572 | D:2      | Reached skill level 1 in Earth Magic
  1572 | D:2      | Reached skill level 1 in Poison Magic
  2375 | D:2      | Reached XP level 5. HP: 37/37 MP: 6/6
  2746 | D:3      | Found a burning altar of Makhleb.
  2973 | D:3      | Reached XP level 6. HP: 39/44 MP: 8/8
  3706 | D:4      | Identified the +8 quarterstaff "Hudeu" {flame, *Rage Will+
                  | Str+3}
  3730 | D:4      | Found a staircase to the Ecumenical Temple.
  3730 | D:4      | Noticed a black bear
  3738 | D:4      | Killed a black bear
  3739 | D:4      | Reached skill level 5 in Bows
  3743 | Temple   | Entered the Ecumenical Temple
  4187 | Temple   | Became a worshipper of Hepliaklqana the Forgotten
  4593 | D:4      | HP: 2/44 [orc priest/nerve-wracking pain (2)]
  4594 | D:4      | Reached XP level 7. HP: 3/50 MP: 10/10
  5276 | D:5      | Entered Level 5 of the Dungeon
  5314 | D:5      | Reached * piety under Hepliaklqana
  5539 | D:5      | Reached skill level 5 in Stealth
  5670 | D:5      | Reached XP level 8. HP: 35/51 MP: 12/12
  6128 | D:5      | Learned a level 3 spell: Frozen Ramparts
  6133 | D:5      | Learned a level 4 spell: Hailstorm
  6138 | D:5      | Learned a level 4 spell: Olgreb's Toxic Radiance
  6138 | D:5      | Noticed Grinder
  6163 | D:5      | Paralysed by Grinder for 6 turns
  6179 | D:5      | Paralysed by Grinder for 6 turns
  6183 | D:5      | HP: 2/52 [Grinder (3)]
  6184 | D:5      | Slain by Grinder

Illustrated notes

Levels and vault maps discovered:
D:1:      ebering_trefoil_3fold, layout_basic, minmay_vboxes
D:2:      minmay_chambers_of_twos, layout_loops_ring, minmay_tree_intersection,
          kennysheep_nub
D:3:      layout_loops_cross, mainiacjoe_overflow_concentric_impassable,
          hangedman_feature_mirror, columned_hall_lemuel
D:4:      layout_basic, minmay_temple_entry_glassed_door
D:5:      layout_basic, chequers_decorated_corner, grunt_tough_drop,
          uniq_grinder
Temple:   mainiacjoe_temple_cubbyholes

Skill      XL: |  1  2  3  4  5  6  7  8 |
---------------+-------------------------+-----
Evocations     | | 10.9
Invocations    | 1 2 3 |  3.4
Fighting       | 1 2 3 |  3.1
Short Blades   | 1 2 3 |  3.1
Long Blades    | 1 2 3 |  3.1
Axes           | 1 2 3 |  3.1
Maces & Flails | 1 2 3 |  3.1
Polearms       | 1 2 3 |  3.1
Staves         | 1 2 3 |  3.1
Slings         | 1 2 3 |  3.1
Crossbows      | 1 2 3 |  3.1
Throwing       | 1 2 3 |  3.1
Dodging        | 1 2 3 |  3.1
Shields        | 1 2 3 |  3.1
Unarmed Combat | 1 2 3 |  3.1
Spellcasting   | 1 2 3 |  3.1
Conjurations   | 1 2 |  2.5
Hexes          | 1 2 |  2.5
Summonings     | 1 2 |  2.5
Necromancy     | 1 2 |  2.5
Translocations | 1 2 |  2.5
Transmutations | 1 2 |  2.5
Fire Magic     | 1 2 |  2.5
Ice Magic      | 1 2 |  2.5
Air Magic      | 1 2 |  2.5
Earth Magic    | 1 2 |  2.5
Poison Magic   | 1 2 |  2.5
Armour         | 3 4 |  4.0
Bows           | 5 |  5.5
Stealth        | 5 |  5.2

Action                   |  1- 3 |  4- 6 |  7- 9 || total
-------------------------+-------+-------+-------++-------
Melee: Falchion          |    51 |       |       ||    51
       Bite              |     6 |     8 |     5 ||    19
       Punch             |     1 |     1 |     1 ||     3
       Spear             |    11 |       |       ||    11
       Morningstar       |     6 |    82 |    56 ||   144
 Fire: Shortbow          |    29 |       |       ||    29
Throw: Stone             |       |     1 |     3 ||     4
       Dart              |       |       |     4 ||     4
 Cast: Frozen Ramparts   |       |       |     3 ||     3
Invok: Ancestor Identity |       |       |     1 ||     1
Evoke: Wand              |     3 |     5 |     2 ||    10
  Use: Potion            |       |       |     1 ||     1
 Stab: Sleeping          |     2 |       |       ||     2
       Distracted        |       |       |     1 ||     1
Armor: Leather armour    |    34 |    25 |    24 ||    83
Dodge: Dodged            |    40 |    43 |    38 ||   121
